 Dungeon Crawl Stone Soup version 0.32-a0-411-g744942f433 (webtiles) character file.

Game seed: 12843339406838415646

93 CougarLife the Digger (level 4, -1/24 HPs)
             Began as a Gargoyle Earth Elementalist on Feb 20, 2024.
             Slain by Ijyb
             ... wielding a +0 club
              (3 damage)
             ... on level 3 of the Dungeon.
             The game lasted 00:01:36 (1519 turns).

CougarLife the Digger (Gargoyle Earth Elementalist) Turns: 1519, Time: 00:01:37

Health: -1/24      AC:  5    Str: 12    XL:     4   Next: 61%
Magic:  0/8        EV: 12    Int: 17    God:
Gold:   70         SH:  0    Dex: 10    Spells: 4/8 levels left

rFire   . . .        f - +0 dagger
rCold   . . .        (no shield)
rNeg    + . .        a - +0 robe
rPois   ∞            (no helmet)
rElec   +            (no cloak)
rCorr   .            (no gloves)
SInv    .            (no boots)
Will    .....        (no amulet)
Stlth   ++           (no ring)
HPRegen 0.24/turn    (no ring)
MPRegen 0.11/turn

%: no passive effects
@: no status effects
A: sickness immunity, AC +3, negative energy resistance 1, electricity
resistance, torment resistance 1, petrification resistance
a: no special abilities


You were on level 3 of the Dungeon.
You visited 1 branch of the dungeon, and saw 3 of its levels.

You collected 70 gold pieces.

Inventory:

Hand Weapons
 f - a +0 dagger (weapon)
Armour
 a - a +0 robe (worn)
 c - a +0 pair of gloves
Wands
 m - a wand of iceblast (11)
Scrolls
 d - a scroll of fog {unknown}
 e - a scroll of blinking {unknown}
 g - a scroll of noise {unknown}
 j - 4 scrolls of identify {unknown}
 k - a scroll of poison {unknown}
 l - a scroll of immolation {unknown}
Potions
 b - 2 potions of magic
 h - 4 potions of curing {unknown}
 i - 2 potions of might {unknown}


   Skills:
 - Level 1.9 Dodging
 - Level 2.7 Stealth
 + Level 2.7 Spellcasting
 + Level 2.4 Conjurations
 + Level 4.5 Earth Magic


You had 4 spell levels left.
You knew the following spells:

 Your Spells              Type           Power      Damage    Failure   Level
a - Sandblast             Erth           34%        2d9       2%          1
b - Stone Arrow           Conj/Erth      28%        3d8       13%         3

Your spell library contained the following spells:

 Spells                   Type           Power      Damage    Failure   Level
 Passwall                 Erth           17%        N/A       9%          3
 Hailstorm                Conj/Ice       6%         3d5       32%         3
 Brom's Barrelling Bould  Conj/Erth      14%        2d4       38%         4
 Summon Ice Beast         Ice/Summ       2%         N/A       47%         3
 Petrify                  Alch/Erth      10%        N/A       56%         4
 Sculpt Simulacrum        Ice/Alch       1%         N/A       100%        6


Dungeon Overview and Level Annotations

Branches:
Dungeon (3/15)

Altars:
Gozag

Annotations:
D:3 Ijyb


Innate Abilities, Weirdness & Mutations

You are immune to sickness and miasma.
Your stone body is resilient. (AC +3)
You are immune to poison.
You resist negative energy. (rN+)
You are resistant to electric shocks. (rElec)
You are resistant to unholy torment.
You are immune to petrification.


Message History

Ijyb barely misses you.
Ijyb zaps a wand.
The puff of flame hits you!
Ijyb is nearby!
You barely miss Ijyb.
Ijyb is lightly wounded.
Ijyb completely misses you.
The blast of sand hits Ijyb but does no damage.
Ijyb is lightly wounded.
Ijyb hits you with a +0 club.
Ijyb is nearby!
The blast of sand hits Ijyb but does no damage.
Ijyb is lightly wounded.
Ijyb hits you but does no damage. Ijyb hits you with a +0 club.
The blast of sand hits Ijyb but does no damage.
Ijyb is lightly wounded.
Ijyb hits you with a +0 club.
You are too injured to fight recklessly!
Casting: Sandblast (safe; 2% risk of failure)
Confirm with . or Enter, or press ? or * to list all spells.
Aiming: Sandblast (safe; 2% risk of failure)
Press: ? - help, Shift-Dir - straight line, f/p - Ijyb
Aim: Ijyb, wielding a +0 club, wearing a +0 ring mail and carrying a wand of flame (lightly wounded, 80% to hit)
The blast of sand misses Ijyb.
Ijyb hits you but does no damage. Ijyb completely misses you.
Casting: Sandblast (safe; 2% risk of failure)
Confirm with . or Enter, or press ? or * to list all spells.
Aiming: Sandblast (safe; 2% risk of failure)
Press: ? - help, Shift-Dir - straight line, f/p - Ijyb
Aim: Ijyb, wielding a +0 club, wearing a +0 ring mail and carrying a wand of flame (lightly wounded, 80% to hit)
The blast of sand hits Ijyb.
Ijyb is moderately wounded.
Ijyb zaps a wand.
The puff of flame hits you!
* * * LOW HITPOINT WARNING * * *
Casting: Sandblast (safe; 2% risk of failure)
Confirm with . or Enter, or press ? or * to list all spells.
Aiming: Stone Arrow (quite dangerous; 13% risk of failure)
Press: ? - help, Shift-Dir - straight line, f/p - Ijyb
Aim: Ijyb, wielding a +0 club, wearing a +0 ring mail and carrying a wand of flame (moderately wounded, 64% to hit)
The stone arrow misses Ijyb.
Ijyb hits you with a +0 club.
You die...
Ijyb screams, "Time for next experiment!"

#+# ##.# #<..
#..## ##.g.####
# #..@....#.##
# #.#...#.....
###.. #.....# #
...#####.###.#
###...#.......#
#.#.#######
#...# ###.# #.#


You could see Ijyb.

Vanquished Creatures
  2 adders (D:2)
  A gnoll (D:1)
  A dart slug (D:2)
  2 bats
  8 endoplasms
  3 giant cockroaches
  3 goblins
  6 hobgoblins
  2 quokkas
  2 ball pythons (D:2)
  A frilled lizard (D:2)
  A kobold (D:1)
  2 rats
34 creatures vanquished.

Notes
Turn   | Place    | Note
-------+----------+-------------------------------------------
     0 | D:1      | CougarLife the Gargoyle Earth Elementalist began the quest
                  | for the Orb.
     0 | D:1      | Reached XP level 1. HP: 10/10 MP: 3/3
   117 | D:1      | Reached XP level 2. HP: 15/15 MP: 3/5
   207 | D:1      | Reached XP level 3. HP: 19/19 MP: 3/6
   349 | D:1      | Reached skill level 4 in Earth Magic
   934 | D:2      | Reached XP level 4. HP: 22/24 MP: 4/7
  1159 | D:2      | Found an opulent altar of Gozag.
  1349 | D:2      | Learned a level 3 spell: Stone Arrow
  1510 | D:3      | Noticed Ijyb
  1518 | D:3      | HP: 1/24 [Ijyb/puff of flame (8)]
  1519 | D:3      | Slain by Ijyb

Illustrated notes

Levels and vault maps discovered:
D:1:      amcnicky_arrival_feature_with_door, layout_basic,
          dreamdust_princess_bridge
D:2:      layout_rooms, basic_altar, dk_noncrumbling_4, solitary_fountain,
          kennysheep_cluttered_room
D:3:      layout_loops_corners, shapermc_ecumenical_altar_gd, uniq_ijyb

Skill      XL: |  1  2  3 |
---------------+----------+-----
Earth Magic    | 4 |  4.5
Conjurations   | 2 |  2.4
Dodging        | |  1.9
Stealth        | |  2.7
Spellcasting   | |  2.7

Action                     |  1- 3 |  4- 6 || total
---------------------------+-------+-------++-------
  Melee: Unarmed           |     9 |       ||     9
         Dagger            |     3 |     4 ||     7
   Cast: Sandblast         |    34 |    23 ||    57
         Stone Arrow       |       |     1 ||     1
 Armour: Robe              |    14 |    13 ||    27
  Dodge: Dodged            |    19 |    11 ||    30

Table legend: (Time is in decaauts)
 A = Elapsed time spent in this place.
 B = Non-inter-level travel time spent in this place.
 C = Inter-level travel time spent in this place.
 D = Time resting spent in this place.
 E = Time spent auto-exploring this place.
 F = Levels seen in this place.
 G = Mean time per level.
                   A        B        C        D        E       F      G
               +--------+--------+--------+--------+--------+-----+--------+
         Total |   1545 |   1504 |     41 |      0 |   1262 |   3 |  515.0 |
       Dungeon |   1545 |   1504 |     41 |      0 |   1262 |   3 |  515.0 |
               +--------+--------+--------+--------+--------+-----+--------+

Top non-repeatable levels by time:
     D:2: 693 daAuts
     D:1: 690 daAuts
     D:3: 162 daAuts
